 Dungeon Crawl Stone Soup version 0.18.1-48-g4cf74bf (webtiles) character file.

15 GFox the Caller (level 2, 0/13 HPs)
             Began as a Vine Stalker Summoner on Sept 7, 2016.
             Slain by a goblin
             ... wielding a +0 club
              (4 damage)
             ... on level 2 of the Dungeon.
             The game lasted 00:11:22 (1265 turns).

GFox the Caller (Vine Stalker Summoner)             Turns: 1265, Time: 00:11:23

Health: 0/13       AC:  2    Str: 10    XL:     2   Next: 50%
Magic:  0/6        EV:  7    Int: 15    God:
Gold:   23         SH:  0    Dex: 14    Spells: 1 memorised, 5 levels left

rFire  . . .     SeeInvis .     (no weapon)
rCold  . . .     Gourm    .     a - +0 robe
rNeg   . . .     Faith    .     (no shield)
rPois  .         Spirit   +     (no helmet)
rElec  .         Dismiss  .     (no cloak)
rCorr  .         Reflect  .     (no gloves)
SustAt .         Harm     .     (no boots)
MR     .....                    (no amulet)
Stlth  ++........               (no ring)
                                (no ring)

@: not resistant to hostile enchantments, unstealthy
A: fangs 2, regeneration 1, magic shield, antimagic bite, no device heal 3, rot
immunity
a: no special abilities


You were on level 2 of the Dungeon.
You were hungry.

You visited 1 branch of the dungeon, and saw 2 of its levels.

You collected 23 gold pieces.

Inventory:

Armour
 a - a +0 robe (worn)
Scrolls
 e - a scroll of identify {unknown}
 f - a scroll of enchant armour {unknown}
 g - a scroll of random uselessness {unknown}
Books
 b - a book of Callings

   Spells                             Type                      Level
   a - Summon Small Mammal            Summoning                    1
   b - Call Imp                       Summoning                    2
   c - Call Canine Familiar           Summoning                    3
   d - Summon Guardian Golem          Hexes/Summoning              3
   e - Summon Lightning Spire         Summoning/Air                4
   f - Summon Ice Beast               Ice/Summoning                4
Comestibles
 c - a bread ration
 d - 3 chunks of flesh


   Skills:
 - Level 1.5 Dodging
 - Level 2.4 Stealth
 * Level 2.9 Spellcasting
 * Level 4.1 Summonings


You had 5 spell levels left.
You knew the following spells:

 Your Spells              Type           Power        Failure   Level  Hunger
a - Summon Small Mammal   Summ           ##..         4%          1    #......


Dungeon Overview and Level Annotations

Branches:
Dungeon (2/15)

Altars:


Innate Abilities, Weirdness & Mutations

You have extremely sharp teeth.
Your natural rate of healing is unusually fast.
When hurt, damage is shared between your health and your magic reserves.
Your bite disrupts and absorbs the magic of your enemies.
Potions and wands cannot restore your health.
You are immune to rotting.


Message History

You feel invigorated.
The jackal is almost dead.
Your bat closely misses the jackal.
The bat hits you but does no damage.
Your bat hits the jackal but does no damage.
Your bat completely misses the jackal.
The bat misses your bat.
Your bat completely misses the goblin.
The jackal barely misses you.
The jackal bites you. x2; Your rat bites the jackal.
You hit the jackal.
You kill the jackal!
Your bat hits the jackal but does no damage. x2
Your bat hits the jackal. The bat hits you.
The jackal bites you but does no damage.
Your bat barely misses the jackal.
The jackal barely misses you. The bat hits you but does no damage.
The jackal bites you.
The jackal bites you but does no damage.
Your rat bites the jackal but does no damage.
Your bat misses the goblin. Your bat hits the jackal.
The jackal dies!
The bat hits you but does no damage. The goblin hits you with a club.
You die...

####
#...##
##.....##
#........
#bg......
#@hb....#
##bb....#
r.....#
...!..#
....=.#
.......
#...###
####


You could see a jackal, a goblin, a bat, 3 friendly bats and a friendly rat.

Vanquished Creatures
  A jackal (D:2)
1 creature vanquished.

Vanquished Creatures (collateral kills)
  A giant gecko (D:1)
  4 goblins (D:1)
  A hobgoblin (D:1)
  5 jackals
  A kobold (D:1)
  A ball python (D:1)
  2 bats (D:1)
  A giant newt (D:1)
  3 rats (D:1)
19 creatures vanquished.

Grand Total: 20 creatures vanquished

Notes
Turn   | Place    | Note
--------------------------------------------------------------
     0 | D:1      | GFox the Vine Stalker Summoner began the quest for the Orb.
     0 | D:1      | Reached XP level 1. HP: 9/9 MP: 4/4
   686 | D:1      | Reached XP level 2. HP: 13/13 MP: 2/6
  1265 | D:2      | Slain by a goblin

Action                   || total
-------------------------++-------
Melee: Unarmed           ||     4
       Bite              ||     1
 Cast: Summon Small Mamm ||    55
  Eat: Chunk             ||     1
Armor: Robe              ||    14
Dodge: Dodged            ||    23
